 Dungeon Crawl Stone Soup version 0.19-a0-1019-g9c6a58d (console) character file.

599953 utis the Slayer (level 27, -1/237 HPs)
             Began as a Formicid Abyssal Knight on July 16, 2016.
             Was a High Priest of Lugonu.
             Killed from afar by a wizard (35 damage)
             ... with a bolt of cold
             ... on level 1 of the Abyss on July 26, 2016.
             The game lasted 08:37:14 (96899 turns).

utis the Slayer (Formicid Abyssal Knight)          Turns: 96899, Time: 08:37:14

Health: -1/237     AC: 22    Str: 26      XL:     27
Magic:  9/36       EV: 19    Int: 13 (14) God:    Lugonu [*****.]
Gold:   3399       SH: 22    Dex: 17      Spells: 8 memorised, 27 levels left

rFire  . . .     SeeInvis +     a - +4 lajatang (speed)
rCold  . . .     Gourm    .     t - +3 plate armour {MR+}
rNeg   . . .     Faith    .     I - +0 large shield
rPois  .         Spirit   .     (helmet unavailable)
rElec  .         Dismiss  .     y - +2 cloak {MR+}
rCorr  +         Reflect  .     D - +2 pair of gloves
SustAt .         Harm     .     x - +2 pair of boots
MR     ++++.                    g - amulet of regeneration
Stlth  ..........               m - ring of resist corrosion {=f}
                                o - +6 ring of slaying {=R}

@: mighty, corroded, incredibly resistant to hostile enchantments, extremely
unstealthy
A: permanent stasis, dig shafts and tunnels, four strong arms, antennae 3,
deterioration 1
a: Dig, Shaft Self, Depart the Abyss, Bend Space, Banish, Corrupt, Enter the
Abyss, Renounce Religion
}: 2/15 runes: decaying, gossamer


You were on level 1 of the Abyss.
You worshipped Lugonu.
Lugonu was extremely pleased with you.
You were not hungry.

You visited 8 branches of the dungeon, and saw 45 of its levels.
You visited the Abyss 8 times.
You visited 1 ziggurat, and saw 1 of its levels.
You also visited: Labyrinth, Ice Cave and Volcano.

You collected 4942 gold pieces.
You spent 1543 gold pieces at shops.

Inventory:

Hand Weapons
 a - a +4 lajatang of speed (weapon)
 c - a +5 blowgun {@w1}
 Z - a +8 quick blade of distortion {!w}
Missiles
 d - 30 needles of confusion
 j - 6 curare-tipped needles {=f}
 v - 3 throwing nets {=f}
Armour
 t - a +3 plate armour of magic resistance (worn)
 x - a +2 pair of boots (worn)
 y - a +2 cloak of magic resistance (worn)
 D - a +2 pair of gloves (worn)
 I - a +0 large shield (worn)
Rods
 A - a +3 rod of shadows (12/12) {!a}
   (You took it off a frost giant on level 1 of the Depths)
 H - a +4 lightning rod (11/11)
   (You found it on level 2 of the Abyss)
Jewellery
 g - an amulet of regeneration (around neck)
 m - a ring of resist corrosion (right hand) {=f}
 o - a +6 ring of slaying (left hand) {=R}
 q - an uncursed ring of wizardry
 E - a +5 ring of evasion
 K - the ring "Hikhalo" {rF+ MR+ SInv Stlth-}
   (You took it off a death knight on level 3 of the Depths)

   [ring of loudness]

   It protects you from fire.
   It affects your resistance to hostile enchantments.
   It lets you see invisible.
   It makes you less stealthy.
 L - an uncursed ring of flight
 P - an uncursed ring of poison resistance
 Y - a +4 ring of slaying
Wands
 w - a wand of polymorph (13/24)
 G - a wand of paralysis (6/24)
 M - a wand of heal wounds (2/9) {@v2}
 N - a wand of digging (8/24)
Scrolls
 i - 3 scrolls of fog
 n - 5 scrolls of fear
 C - 5 scrolls of remove curse {@r2}
 O - 9 scrolls of recharging
 Q - 2 scrolls of holy word
 R - 20 scrolls of identify {@r1}
 U - 5 scrolls of magic mapping
Potions
 b - 2 potions of resistance
 h - 3 potions of brilliance
 k - 19 potions of curing {@q1}
 r - 5 potions of magic
 u - 2 potions of might
 T - 6 potions of flight
 V - 3 potions of heal wounds {@q2}
 X - 2 potions of cancellation
Miscellaneous
 e - 2 boxes of beasts
 p - 2 sacks of spiders
 z - a lamp of fire
 S - a phial of floods
Comestibles
 f - 25 royal jellies {@e3}
 l - 11 bread rations {@e1}
 F - 7 meat rations {@e1}
 W - 5 fruits {@e2}


   Skills:
 + Level 23.8 Fighting
 - Level 8.1 Short Blades
   Level 3.1(9.8) Maces & Flails
 - Level 14.0(14.1) Staves
 - Level 5.0 Throwing
 + Level 20.4 Armour
 + Level 17.7 Dodging
 - Level 16.1 Shields
 - Level 9.0 Spellcasting
 - Level 4.0 Hexes
 - Level 10.7 Charms
 - Level 10.0 Summonings
 - Level 4.2 Necromancy
 - Level 5.3 Translocations
 - Level 3.0 Air Magic
 - Level 18.0 Invocations
 + Level 16.7 Evocations


You had 27 spell levels left.
You knew the following spells:

 Your Spells              Type           Power        Failure   Level  Hunger
c - Regeneration          Chrm/Necr      ####......   10%         3    ##.....
g - Shroud of Golubria    Chrm/Tloc      ####......   3%          2    None
o - Corpse Rot            Necr           N/A          21%         2    None
p - Call Imp              Summ           ####....     1%          2    None
r - Repel Missiles        Chrm/Air       ###...       6%          2    None
w - Spectral Weapon       Hex/Chrm       ####....     10%         3    ##.....
B - Summon Butterflies    Summ           ####....     1%          1    None
W - Swiftness             Chrm/Air       ###.....     6%          2    None


Dungeon Overview and Level Annotations

Branches:
Dungeon (15/15)            Temple (0/1) D:6            Lair (6/6) D:8
  Swamp (4/4) Lair:3       Spider (4/4) Lair:2        Slime (5/5) Lair:5
    Orc (2/2) D:12            Elf (0/3) Orc:2        Vaults (4/5) D:13
  Crypt (0/3) Vaults:2     Depths (5/5) D:15            Zot (0/5) Depths:5

Altars:
Ashenzari
Dithmenos
Kikubaaqudgha
Makhleb
Nemelex Xobeh
Okawaru
Yredelemnul
Beogh
Jiyva

Shops:
D:13 :   Orc:1 !   Orc:2 (*=[   Vaults:1 *   Vaults:3 (   Vaults:4 [
Depths:3 !?   Depths:4 (

Portals:
Hell: Depths:1 Depths:2 Depths:3 Depths:4 Depths:5
Abyss: Depths:4 Depths:5
Pandemonium: Depths:3

Annotations:
D:2 exclusion: downstairs
D:10 exclusion: downstairs
Lair:5 2 exclusions
Spider:2 corrupted
Spider:4 corrupted
Slime:5 Royal Jelly
Vaults:1 corrupted
Depths:1 exclusion: downstairs
Depths:2 corrupted, exclusion: downstairs
Depths:4 exclusion: orange crystal statue


Innate Abilities, Weirdness & Mutations

You are under a permanent stasis effect.
You can dig through walls and to a lower floor.
Your four strong arms can wield two-handed weapons with a shield.
You have a pair of large antennae on your head. (SInv)
Your body sometimes deteriorates upon taking damage.


Message History

A tentacle flies out from the starspawn's body!
A starspawn tentacle comes into view.
Unknown command.
Casting: Regeneration
Confirm with . or Enter, or press ? or * to list all spells.
Okay, then.
Unknown command.
You closely miss the ophan.
The ophan is almost dead.
The starspawn tentacle is engulfed in blessed fire.
You block the starspawn tentacle's attack.
You slice the ophan!!
You kill the ophan!
The starspawn tentacle is engulfed in blessed fire.
You block the starspawn tentacle's attack.
You hit the starspawn tentacle.
You destroy the starspawn tentacle!
The wizard gestures at you while chanting.
The bolt of cold hits you!
You die...

..............░
...............
..............
..░.......... .
. .........░░..
... ..........░
.....░§.w.p....
......§a§X.....
......§§§......
...............
░..............
............░..
............░ .
.............
....∩........░


You could see a tentacled starspawn, a wizard and a starspawn tentacle.

Vanquished Creatures
  Mara (Spider:3)
  An ancient lich (Abyss:2)
  A juggernaut (Depths:5)
  Boris (Vaults:2)
  3 caustic shrikes
  3 golden dragons
  4 bone dragons
  A profane servitor (Abyss:3)
  Rupert (Orc:2)
  Jorgrun (Depths:4)
  2 hellephants
  A tentacled monstrosity (Depths:2)
  4 liches
  A Hell Sentinel (Abyss:2)
  3 titans
  2 quicksilver dragons
  7 acid blobs
  Kirke (Swamp:1)
  An Executioner (Abyss:1)
  4 sphinxes
  35 tentacled starspawn
  Donald (Swamp:1)
  4 tengu reavers
  2 shadow dragons
  A thorn hunter (Swamp:3)
  6 storm dragons
  A revenant (Abyss:5)
  3 azure jellies
  An iron dragon (Depths:4)
  9 ghost moths
  17 fire giants
  2 orc warlords
  4 deep elf sorcerers
  12 frost giants
  A draconian knight (Abyss:1)
  Louise (Abyss:1)
  2 angels
  A cacodemon (Abyss:1)
  A balrug (Abyss:2)
  16 ironheart preservers
  2 reapers
  6 vault wardens
  4 spriggan defenders
  2 draconian annihilators (Depths:5)
  Aizul (Depths:3)
  2 war gargoyles
  4 vampire knights
  A draconian caller (Depths:5)
  32 stone giants
  35 very ugly things
  An entropy weaver (Spider:1)
  An ophan (Abyss:1)
  2 deep elf demonologists
  Nessos (Lair:6)
  2 dire elephants (Lair:6)
  2 green draconians
  A red draconian (Depths:5)
  2 corrupters
  2 purple draconians
  A white draconian (Depths:5)
  A lorocyproca (Abyss:4)
  2 mottled draconians (Depths:5)
  5 spark wasps
  A merfolk javelineer (Abyss:1)
  A spark wasp (shapeshifter) (Depths:5)
  2 blizzard demons (IceCv)
  A minotaur (Lab)
  2 death oozes (Slime:4)
  10 ettins
  2 jiangshi (Depths:3)
  2 merfolk impalers (Depths:4)
  A deep elf death mage (Vaults:2)
  19 yaktaur captains
  16 fire dragons
  The ghost of 4thArraOfDagon the Grappler, a journeyman TrAK of Lugonu (Orc:1)
  5 vault guards
  11 ogre magi
  A deep elf high priest (Depths:3)
  15 great orbs of eyes
  23 hydras
  A monstrous demonspawn (Abyss:3)
  7 spriggan air magi
  21 ice dragons
  15 rakshasas
  A caustic shrike simulacrum (Depths:2)
  A merfolk aquamancer (Depths:3)
  2 catoblepae
  An anaconda (Lair:6)
  An alligator (shapeshifter) (Zig:1)
  14 centaur warriors
  7 alligators
  A satyr (Abyss:3)
  3 death knights
  A juggernaut simulacrum (Depths:2)
  11 hell hogs
  15 deep troll earth magi
  A hell hog (shapeshifter) (Vaults:2)
  3 death yaks
  2 orc high priests (Orc:2)
  8 spriggan berserkers
  13 tengu warriors
  6 vampire magi
  36 thrashing horrors
  16 deep troll shamans
  Urug (D:11)
  A naga sharpshooter (Depths:3)
  A shock serpent (shapeshifter) (Vaults:3)
  5 deep elf knights (Vaults:2)
  2 skeletal warriors
  4 sun demons
  23 wretched stars
  7 iron trolls
  12 giant orange brains
  A golden dragon zombie (Depths:2)
  25 hell knights
  A storm dragon skeleton (Vaults:4)
  A death drake (Abyss:3)
  10 unseen horrors
  10 hill giants
  5 spatial maelstroms
  2 lindwurms (Swamp:4)
  3 flayed ghosts
  9 swamp dragons (Swamp:4)
  9 wizards
  46 deep trolls
  3 deep elf archers (Vaults:2)
  14 ironbrand convokers
  A putrid demonspawn (Abyss:3)
  A shadow demon (Abyss:3)
  17 orc knights
  13 harpies
  5 phantasmal warriors
  4 shambling mangroves
  21 orb spiders
  27 wolf spiders
  2 hornets (shapeshifter)
  A shadow dragon skeleton (Abyss:2)
  12 necromancers
  11 orc sorcerers
  8 wolf spider zombies
  9 hornets
  7 deep elf magi
  9 griffons
  A salamander (shapeshifter) (D:15)
  11 worldbinders
  53 ugly things
  9 cyclopes
  14 elephants (Lair:6)
  A human zombie (Vaults:1)
  A moth of wrath (Spider:3)
  A frost giant zombie (Abyss:3)
  3 shining eyes
  A stone giant skeleton (Abyss:2)
  A rust devil (Abyss:2)
  An octopode (shapeshifter) (Abyss:1)
  2 black mambas (shapeshifter)
  2 sixfirhies (Abyss:1)
  A guardian serpent (Abyss:3)
  An eye of devastation (Slime:4)
  7 black mambas
  8 vault sentinels
  3 gargoyles
  Maurice (D:11)
  5 apocalypse crabs
  An orange demon (Abyss:1)
  Joseph (D:8)
  A spiny frog (shapeshifter) (Vaults:2)
  5 centaur zombies
  2 human skeletons
  A storm dragon simulacrum (Abyss:2)
  4 ice statues (IceCv)
  16 spiny frogs
  23 smoke demons
  3 torpor snails
  A hellion (Abyss:4)
  A dire elephant skeleton (Abyss:3)
  75 yaktaurs
  2 efreet
  11 redback zombies (Spider:3)
  A yaktaur zombie (Vaults:4)
  3 rime drakes
  4 tormentors
  13 ice devils (IceCv)
  5 komodo dragons
  2 yaktaurs (shapeshifter)
  3 kobold demonologists
  A spark wasp simulacrum (Depths:2)
  13 demonic crawlers
  A komodo dragon (shapeshifter) (D:15)
  13 tengu conjurers
  9 freezing wraiths
  A red devil (Abyss:2)
  10 trolls
  4 anaconda simulacra (IceCv)
  23 ancient zymes
  5 hellwings
  2 meliai (shapeshifter)
  A queen bee (shapeshifter) (Depths:1)
  A troll (shapeshifter) (Vaults:2)
  A queen bee (D:14)
  3 meliai (D:14)
  17 jumping spiders
  A wind drake (shapeshifter) (Vaults:4)
  A two-headed ogre (shapeshifter) (Abyss:2)
  2 jumping spiders (shapeshifter)
  4 giant leeches
  A polar bear (Lair:6)
  A hydra skeleton (Abyss:2)
  64 slime creatures
  11 tarantella zombies (Spider:3)
  60 raiju
  41 blink frogs
  24 two-headed ogres
  5 bog bodies
  2 ettin zombies
  A boulder beetle (shapeshifter) (Abyss:1)
  A black mamba zombie (Abyss:3)
  7 boulder beetles
  61 large abominations
  A hornet zombie (D:15)
  4 shadows
  A centaur simulacrum (D:14)
  A shapeshifter (D:13)
  14 spriggans
  An alligator skeleton (Abyss:2)
  14 flying skulls
  2 vampires
  11 ynoxinuls
  10 air elementals
  99 redbacks
  7 wraiths
  A spriggan (shapeshifter) (Vaults:2)
  20 tarantellas
  7 water elementals
  A dire elephant simulacrum (IceCv)
  A fire elemental (Abyss:2)
  38 yaks
  2 fire bats
  A human (D:4)
  A wyvern (D:10)
  Grum (D:8)
  7 chaos spawn
  15 neqoxecs
  A human simulacrum (Vaults:4)
  6 golden eyes
  A human (shapeshifter) (Depths:3)
  8 hippogriffs
  6 hogs (Swamp:1)
  6 wargs
  A steam dragon (shapeshifter) (Vaults:4)
  2 basilisks
  3 hungry ghosts
  25 vampire mosquitoes
  A harpy simulacrum (IceCv)
  A deep troll zombie (Vaults:1)
  14 insubstantial wisps
  A warg (shapeshifter) (Vaults:3)
  4 mottled dragons
  An iron troll simulacrum (IceCv)
  A swamp worm (shapeshifter) (Depths:3)
  4 spatial vortices
  3 hydra simulacra (IceCv)
  2 soldier ants
  5 giant eyeballs
  A spiny frog zombie (Abyss:4)
  13 swamp worms
  13 water moccasins
  Duvessa (D:7)
  A hell hound (Abyss:1)
  A black bear (shapeshifter) (Vaults:4)
  64 orc warriors
  11 porcupines
  8 swamp drakes
  2 sky beasts
  A swamp drake (shapeshifter) (Vaults:3)
  21 wasps
  23 ice beasts
  An ettin simulacrum (Abyss:4)
  2 black bears
  The ghost of Drakanon the Cudgeler, an amateur OgWz (D:3)
  A snapping turtle zombie (Abyss:3)
  8 eyes of draining
  58 ogres
  A snapping turtle skeleton (Abyss:3)
  14 boggarts
  7 wolves
  31 centaurs
  2 necrophages
  8 crocodiles
  The ghost of 4thArraOfDagon the Firebug, an amateur HEFE of Vehumet (D:5)
  Blork the orc (D:5)
  3 big kobolds
  27 giant frogs
  A gnoll sergeant (D:7)
  An earth elemental (Abyss:4)
  Dowan (D:7)
  A water moccasin zombie (D:9)
  A scorpion (D:8)
  A scorpion (shapeshifter) (Depths:1)
  27 killer bees
  A snapping turtle simulacrum (Abyss:3)
  2 howler monkeys (D:7)
  8 wights
  A troll skeleton (Abyss:1)
  An electric eel (Lair:2)
  50 small abominations
  5 crimson imps
  94 starcursed masses
  A giant frog zombie (D:11)
  6 quasits
  15 orc priests
  9 centaur skeletons
  10 hounds
  7 jellies
  25 orc wizards
  3 giant frog skeletons (D:12)
  9 iron imps
  12 iguanas
  A spriggan simulacrum (Abyss:3)
  13 worker ants
  28 sheep
  A hound skeleton (D:4)
  A worker ant zombie (D:5)
  4 gnolls (D:5)
  9 adders
  31 river rats
  2 shadow imps (Abyss:2)
  5 white imps
  8 ufetubi
  2 oozes
  An adder skeleton (D:7)
  5 worms
  A dart slug (D:2)
  4 giant geckos
  103 orcs
  3 ball pythons
  5 giant cockroaches
  10 goblins
  5 hobgoblins
  4 jackals
  6 quokkas
  6 bats
  A giant gecko skeleton (D:5)
  A giant gecko zombie (D:6)
  5 giant newts
  A jackal skeleton (D:4)
  23 kobolds
  3 kobold skeletons
  5 rats
  4 briar patches (Swamp:3)
  3 lurking horrors
  6 plants
  22 starspawn tentacles
2921 creatures vanquished.

Vanquished Creatures (collateral kills)
  Sojobo (Vaults:2)
  A caustic shrike (Depths:4)
  the Enchantress (Depths:4)
  A quicksilver dragon (Depths:4)
  A death ooze (Slime:5)
  A wolf spider (Spider:4)
  A slime creature (Slime:5)
7 creatures vanquished.

Vanquished Creatures (others)
  A caustic shrike (Depths:3)
  Nikola (Spider:2)
  A sphinx (Vaults:1)
  A ghost moth (Spider:4)
  A vault warden (Vaults:1)
  3 emperor scorpions (Spider:4)
  An ironheart preserver (Vaults:1)
  A stone giant (Orc:2)
  A very ugly thing (Depths:2)
  2 dire elephants (Lair:6)
  A deep elf demonologist (Vaults:1)
  A spark wasp (Spider:4)
  A deep elf death mage (Vaults:1)
  A yaktaur captain (Vaults:1)
  2 ice dragons
  2 hydras
  A vault guard (Vaults:1)
  The ghost of Gagarin the Cleaver, a novice MiBe of Trog (D:8)
  8 deep troll earth magi
  A thrashing horror (Abyss:5)
  A naga sharpshooter (Depths:3)
  2 deep elf knights (Vaults:1)
  A wretched star (Abyss:1)
  An orc knight (Vaults:1)
  2 deep elf magi (Vaults:1)
  An orb spider (Spider:2)
  3 hornets (Spider:4)
  4 wolf spiders
  A moth of wrath (Spider:4)
  An ugly thing (Depths:2)
  9 jumping spiders
  5 tarantellas
  A water elemental (Depths:4)
  2 redbacks (Spider:4)
  A black bear (D:7)
  An eye of draining (Abyss:4)
  A sky beast (D:7)
  3 orc warriors (Vaults:1)
  2 wasps (Spider:4)
  3 boggarts
  A glowing shapeshifter simulacrum (Depths:2)
  2 small abominations
  A killer bee (Vaults:1)
  A starcursed mass (Abyss:3)
  A jelly (D:7)
  An orc priest (Vaults:1)
  An orc wizard (Vaults:1)
  3 orcs (Vaults:1)
  A jackal skeleton (D:7)
  A bush (Abyss:3)
  38 fungi
  3 lurking horrors
  37 plants
  85 starspawn tentacles
  1030 starspawn tentacle segments
1283 creatures vanquished.

Grand Total: 4211 creatures vanquished

Notes
Turn   | Place    | Note
-------+----------+-------------------------------------------
     0 | Abyss:1  | utis the Formicid Abyssal Knight began the quest for the Orb.
     0 | Abyss:1  | Reached XP level 1. HP: 18/18 MP: 2/2
    92 | Abyss:1  | Noticed a wretched star
    95 | D:1      | Escaped the Abyss
   726 | D:1      | Reached XP level 2. HP: 18/24 MP: 3/3
  1701 | D:2      | Reached * piety under Lugonu
  1718 | D:2      | Reached XP level 3. HP: 29/29 MP: 4/4
  1835 | D:2      | Reached skill level 1 in Shields
  2425 | D:3      | Reached XP level 4. HP: 36/36 MP: 5/5
  2428 | D:3      | Noticed an ogre
  2602 | D:3      | Reached skill level 4 in Fighting
  2623 | D:3      | Noticed Drakanon's ghost (amateur OgWz)
  2996 | D:3      | Killed an ogre
  2996 | D:3      | Reached XP level 5. HP: 17/43 MP: 6/6
  3164 | D:3      | Found a shadowy altar of Dithmenos.
  3552 | D:3      | Reached XP level 6. HP: 46/50 MP: 7/7
  3681 | D:3      | Killed Drakanon's ghost
  3681 | D:3      | Reached skill level 5 in Fighting
  3681 | D:3      | Reached skill level 1 in Short Blades
  4024 | D:4      | Reached ** piety under Lugonu
  4337 | D:4      | Found a runed door.
  4337 | D:4      | Noticed a human
  4364 | D:4      | Found a basalt altar of Yredelemnul.
  4536 | D:4      | Killed a human
  4536 | D:4      | Reached skill level 6 in Fighting
  4536 | D:4      | Reached XP level 7. HP: 54/58 MP: 8/8
  4799 | D:5      | Entered Level 5 of the Dungeon
  4916 | D:5      | Noticed 4thArraOfDagon's ghost (amateur HEFE)
  5838 | D:4      | Found a burning altar of Makhleb.
  6226 | D:4      | Reached XP level 8. HP: 57/64 MP: 9/9
  6314 | D:5      | Reached skill level 7 in Fighting
  6314 | D:5      | Reached skill level 5 in Armour
  6964 | D:5      | Noticed Blork the orc
  6999 | D:5      | Killed Blork the orc
  7119 | D:5      | Reached skill level 8 in Fighting
  7616 | D:5      | Killed 4thArraOfDagon's ghost
  7883 | D:6      | Reached XP level 9. HP: 59/74 MP: 10/10
  8198 | D:6      | Reached skill level 9 in Fighting
  8315 | D:6      | Reached *** piety under Lugonu
  8474 | D:6      | Found a staircase to the Ecumenical Temple.
  8611 | D:7      | Noticed Dowan
  8613 | D:7      | Noticed Duvessa
  8633 | D:7      | Killed Duvessa
  8792 | D:7      | Killed Dowan
  8810 | D:7      | Reached skill level 5 in Invocations
 10934 | D:8      | Noticed Gagarin's ghost (novice MiBe)
 11315 | D:7      | Reached XP level 10. HP: 40/82 MP: 16/16
 11556 | D:8      | Reached skill level 1 in Dodging
 11640 | D:8      | Noticed Joseph
 11647 | D:8      | Killed Joseph
 12118 | D:8      | Banished Gagarin's ghost
 12118 | D:8      | Reached skill level 10 in Fighting
 12853 | D:8      | Noticed Grum
 12910 | D:8      | Killed Grum
 12910 | D:8      | Reached **** piety under Lugonu
 13555 | D:8      | Found a staircase to the Lair.
 14032 | D:9      | Reached skill level 5 in Shields
 14480 | D:9      | Found a sparkling altar of Nemelex Xobeh.
 14681 | D:9      | Reached skill level 11 in Fighting
 14681 | D:9      | Reached XP level 11. HP: 35/93 MP: 17/17
 15287 | D:10     | Entered Level 10 of the Dungeon
 15716 | D:10     | Noticed a hill giant
 15917 | D:10     | Noticed a hill giant
 16360 | D:10     | Killed a hill giant
 16955 | D:10     | Noticed an unseen horror
 16979 | D:10     | Killed an unseen horror
 16979 | D:10     | Reached skill level 12 in Fighting
 17395 | D:10     | Noticed a lindwurm
 17398 | D:10     | Noticed a lindwurm
 17442 | D:10     | Noticed a lindwurm
 17442 | D:10     | Noticed a lindwurm
 17658 | D:11     | Noticed Urug
 17658 | D:11     | Noticed Maurice
 17757 | Lair:1   | Entered Level 1 of the Lair of Beasts
 17850 | Lair:1   | Noticed a seven-headed hydra
 17860 | Lair:1   | Banished a nine-headed hydra
 18321 | Lair:1   | Reached skill level 5 in Dodging
 19090 | Lair:1   | Reached XP level 12. HP: 92/103 MP: 18/18
 19793 | Lair:1   | Learned a level 1 spell: Summon Butterflies
 19795 | Lair:1   | Got a polished whip
 19796 | Lair:1   | Identified the +8 whip "Hellblazer" {drain, SInv} (You found it on level 1 of the Lair of Beasts)
 20049 | Lair:1   | Reached skill level 13 in Fighting
 20230 | Lair:1   | Identified a scroll of acquirement
 20232 | Lair:1   | gaaaaaaaaah!
 20233 | Lair:1   | fuck
 20807 | Lair:2   | Reached ***** piety under Lugonu
 20894 | Lair:2   | Reached skill level 5 in Short Blades
 21610 | Lair:2   | Found a hole to the Spider Nest.
 21797 | Lair:2   | Noticed an ice dragon
 21809 | Lair:2   | Banished an ice dragon
 21944 | Lair:2   | Noticed an ice dragon
 21960 | Lair:2   | Banished an ice dragon
 21960 | Lair:2   | Reached skill level 1 in Throwing
 22338 | Lair:2   | Reached XP level 13. HP: 111/111 MP: 19/19
 22824 | Lair:2   | Reached skill level 5 in Throwing
 22940 | Lair:3   | Reached skill level 1 in Evocations
 22952 | Lair:3   | Noticed a four-headed hydra
 22970 | Lair:3   | Killed a four-headed hydra
 23142 | Lair:3   | Found a staircase to the Swamp.
 23451 | Lair:3   | Reached skill level 5 in Evocations
 23538 | Lair:3   | Found a dark tunnel.
 23548 | Volcano  | Entered a volcano
 23929 | Volcano  | Upgraded the game from 0.19-a0-994-g3c636f0 to 0.19-a0-1007-g133f65f
 24701 | Lair:4   | Reached XP level 14. HP: 114/118 MP: 20/23
 25724 | Lair:3   | meh
 25752 | Lair:5   | Found a staircase to the Slime Pits.
 25753 | Lair:5   | Found a viscous altar of Jiyva.
 25831 | Lair:5   | Found a labyrinth entrance.
 25848 | Lab      | Entered a labyrinth
 26631 | Lab      | Got a polished plate armour
 26660 | Lab      | Identified the cursed +1 plate armour of the Equinox {MR+ MP+9 Str-2 Int+4} (You found it in a labyrinth)
 27302 | Lair:5   | Reached skill level 5 in Staves
 27322 | Lair:5   | Learned a level 2 spell: Repel Missiles
 27325 | Lair:5   | Learned a level 2 spell: Swiftness
 27963 | Lair:5   | Reached XP level 15. HP: 109/124 MP: 24/24
 28675 | Lair:6   | Entered Level 6 of the Lair of Beasts
 29442 | Lair:6   | Reached ****** piety under Lugonu
 29557 | Lair:6   | Identified a +8 quick blade of distortion (a +6 quick blade of freezing corrupted by Lugonu)
 29557 | Lair:6   | Received a gift from Lugonu
 29591 | Lair:6   | Found an iron altar of Okawaru.
 30241 | Lair:6   | bad idea
 30307 | Lair:6   | Noticed Nessos
 30323 | Lair:6   | Killed Nessos
 30323 | Lair:6   | Reached skill level 10 in Staves
 32304 | Lair:6   | Got a polished hand crossbow
 32306 | Lair:6   | Identified the +10 hand crossbow of Kywkeruon {freeze, rC- rN+ Str-3 Dex+6} (You acquired it on level 6 of the Lair of Beasts)
 32307 | Lair:6   | sigh
 33075 | D:11     | Killed Maurice
 33259 | D:11     | Killed Urug
 34177 | D:12     | Found a roughly hewn altar of Beogh.
 34480 | D:12     | Reached XP level 16. HP: 114/131 MP: 25/25
 35125 | D:12     | Found a staircase to the Orcish Mines.
 35442 | Orc:1    | Entered Level 1 of the Orcish Mines
 35557 | Orc:1    | Found Galesuss's Distillery.
 35603 | Orc:1    | Bought a potion of heal wounds for 55 gold pieces
 35603 | Orc:1    | Bought a potion of curing for 33 gold pieces
 35686 | Orc:1    | Noticed 4thArraOfDagon's ghost (journeyman TrAK)
 35687 | Orc:1    | Hi, comrade.
 35712 | Orc:1    | Killed 4thArraOfDagon's ghost
 35908 | Orc:1    | Reached skill level 10 in Armour
 36217 | Orc:2    | Entered Level 2 of the Orcish Mines
 36410 | Orc:2    | Noticed Rupert
 36456 | Orc:2    | Killed Rupert
 36456 | Orc:2    | Reached skill level 14 in Fighting
 38023 | Orc:2    | Found a staircase to the Elven Halls.
 38027 | Orc:2    | Found Huzu's Antique Armour Emporium.
 38060 | Orc:2    | Found Wiv Ovub's Jewellery Shoppe.
 38518 | Orc:2    | Found a roughly hewn altar of Beogh.
 38879 | Orc:2    | Found Ruoxax's Antique Weapon Shop.
 39091 | Orc:2    | Found Soqijaus's General Store.
 39181 | Orc:2    | Bought a scroll of enchant armour for 120 gold pieces
 39181 | Orc:2    | Bought a scroll of magic mapping for 56 gold pieces
 39215 | Orc:2    | Bought a glowing blowgun for 75 gold pieces
 39296 | D:12     | Gained mutation: You are somewhat resistant to further mutation. [potion of beneficial mutation]
 39297 | D:12     | hah!
 39811 | Orc:2    | Bought a scroll of identify for 32 gold pieces
 40237 | D:13     | Found Yjoqoyva's Book Emporium.
 40262 | D:13     | ooops
 41014 | D:13     | Found a gate to the Vaults.
 41394 | D:14     | Found a large runed door.
 41419 | D:14     | Found a large runed door.
 41789 | D:14     | Noticed Louise
 41791 | D:14     | Banished Louise
 41792 | D:14     | take that!
 41989 | D:14     | Reached XP level 17. HP: 140/140 MP: 28/28
 42487 | D:14     | Reached skill level 15 in Fighting
 43012 | D:14     | Got an opal-encrusted chain mail
 43043 | D:14     | Identified the +6 chain mail of Egalitarianism {*Corrode rPois Str+2 Int+5} (You found it on level 14 of the Dungeon)
 43353 | D:14     | Found a basalt altar of Yredelemnul.
 43356 | D:14     | Found an ancient bone altar of Kikubaaqudgha.
 43412 | D:15     | Entered Level 15 of the Dungeon
 44346 | D:15     | Got a pair of warped boots
 44404 | D:15     | Identified the +0 pair of boots "Cosoefiwn" {rElec MR- Str+3} (You found it on level 15 of the Dungeon)
 44404 | D:15     | why?
 44690 | D:15     | Found a staircase to the Depths.
 44980 | Spider:1 | Entered Level 1 of the Spider Nest
 45152 | Spider:1 | Reached skill level 16 in Fighting
 46510 | Spider:1 | Reached skill level 15 in Invocations
 47153 | Spider:2 | Reached XP level 18. HP: 153/153 MP: 29/29
 47240 | Spider:2 | Reached skill level 10 in Shields
 47896 | Spider:2 | Noticed Nikola
 47898 | Spider:2 | Corrupted Spider:2
 47901 | Spider:2 | Noticed a profane servitor
 47903 | Spider:2 | Killed Nikola
 50110 | Spider:3 | Noticed Mara
 50665 | Spider:4 | Entered Level 4 of the Spider Nest
 50949 | Spider:3 | Killed Mara
 52308 | Spider:4 | Reached XP level 19. HP: 159/159 MP: 32/32
 52786 | Spider:4 | Corrupted Spider:4
 53003 | Spider:4 | Got a gossamer rune of Zot
 53302 | Spider:4 | Got an encrusted lajatang
 53303 | Spider:4 | Identified the +7 lajatang "Rasaow" {flame, SInv Stlth+} (You acquired it on level 4 of the Spider Nest)
 53304 | Spider:4 | well
 54207 | Vaults:1 | Entered Level 1 of the Vaults
 54335 | Vaults:1 | Reached skill level 17 in Fighting
 54708 | Vaults:1 | ha
 54716 | Vaults:1 | ooops
 55450 | Vaults:1 | Reached skill level 1 in Summonings
 55535 | Vaults:1 | Reached skill level 1 in Charms
 55546 | Vaults:1 | Reached skill level 1 in Spellcasting
 55641 | Vaults:1 | Reached skill level 1 in Air Magic
 56197 | Vaults:1 | Corrupted Vaults:1
 56619 | Vaults:1 | mah
 57462 | Vaults:1 | Found Uddiut's Assorted Antiques.
 58050 | Swamp:1  | Entered Level 1 of the Swamp
 58162 | Lair:3   | Learned a level 2 spell: Shroud of Golubria
 58165 | Lair:3   | Learned a level 2 spell: Corpse Rot
 58169 | Lair:3   | Learned a level 3 spell: Regeneration
 58173 | Lair:3   | Learned a level 3 spell: Spectral Weapon
 58323 | Swamp:1  | Noticed Donald
 58335 | Swamp:1  | Killed Donald
 58335 | Swamp:1  | Reached XP level 20. HP: 168/168 MP: 33/33
 58841 | Swamp:1  | Noticed Kirke
 59263 | Swamp:1  | Killed Kirke
 59445 | Swamp:2  | Found a frozen archway.
 59460 | IceCv    | Entered an ice cave
 59944 | IceCv    | Reached skill level 15 in Shields
 59944 | IceCv    | Reached skill level 1 in Necromancy
 60034 | IceCv    | Got a creamy pearl robe
 60036 | IceCv    | Got a slimy leather armour
 60108 | IceCv    | Identified the +1 robe of the Moneychanger {rC++} (You found it in an ice cave)
 60118 | IceCv    | Identified the +1 leather armour of Eqick {rElec rCorr Dex-4 Stlth+} (You found it in an ice cave)
 61024 | Swamp:2  | Reached skill level 5 in Summonings
 61087 | Swamp:4  | Entered Level 4 of the Swamp
 62310 | Swamp:4  | Got a decaying rune of Zot
 62719 | Vaults:1 | Upgraded the game from 0.19-a0-1007-g133f65f to 0.19-a0-1008-g4c63d25
 62909 | Depths:1 | Entered Level 1 of the Depths
 63105 | Depths:1 | Reached skill level 5 in Spellcasting
 63470 | Depths:1 | Reached XP level 21. HP: 165/174 MP: 34/34
 63586 | Depths:1 | Found a shattered altar of Ashenzari.
 64093 | Depths:1 | Found a gateway to Hell.
 64344 | Depths:1 | Reached skill level 5 in Charms
 64395 | Depths:1 | Reached skill level 10 in Summonings
 64544 | Depths:1 | Reached skill level 1 in Translocations
 64602 | Depths:1 | Identified a +3 rod of shadows (8/12) {!a} (You took it off a frost giant on level 1 of the Depths)
 65373 | Depths:2 | Corrupted Depths:2
 65373 | Depths:2 | Noticed a profane servitor
 65503 | Depths:2 | stupid
 66616 | Depths:2 | Reached XP level 22. HP: 176/181 MP: 32/35
 66927 | Depths:2 | Got a warped pewter amulet
 66928 | Depths:2 | Identified the amulet of Tanef {Dismiss rF- MR+ Dex+2} (You found it on level 2 of the Depths)
 66948 | Depths:2 | Got a faintly glowing halberd
 67290 | Depths:2 | Reached skill level 5 in Translocations
 67908 | Depths:2 | Reached skill level 10 in Charms
 68908 | Depths:3 | hmmm
 69011 | Depths:3 | Found Ykiwusam's Magic Scroll Shoppe.
 69011 | Depths:3 | Noticed a caustic shrike
 69012 | Depths:3 | Banished a caustic shrike
 69640 | Depths:3 | Noticed Aizul
 69656 | Depths:3 | Killed Aizul
 69791 | Depths:3 | Found a one-way gate leading to the halls of Pandemonium.
 69883 | Depths:3 | Learned a level 2 spell: Call Imp
 69983 | Depths:3 | Got a steaming glass ring
 69985 | Depths:3 | Identified the ring "Kiodihy" {rPois rF+ Dex+2} (You found it on level 3 of the Depths)
 70015 | Depths:3 | Reached XP level 23. HP: 187/187 MP: 33/36
 70032 | Depths:3 | Noticed a caustic shrike
 70051 | Depths:3 | Killed a caustic shrike
 70117 | Depths:3 | Found Jolutugo's Distillery.
 70126 | Depths:3 | Bought a potion of heal wounds for 100 gold pieces
 70126 | Depths:3 | Bought a potion of agility for 80 gold pieces
 70126 | Depths:3 | Bought a potion of might for 80 gold pieces
 70126 | Depths:3 | Bought a potion of curing for 60 gold pieces
 70126 | Depths:3 | Bought a potion of curing for 60 gold pieces
 70126 | Depths:3 | Bought a potion of curing for 60 gold pieces
 70126 | Depths:3 | Bought a potion of might for 80 gold pieces
 70126 | Depths:3 | Bought a potion of cancellation for 160 gold pieces
 70771 | Depths:3 | Reached skill level 10 in Dodging
 70905 | Depths:3 | Got a sparkling glass ring
 70907 | Depths:3 | Identified the ring "Usappuki" {SustAt *Contam +Fly Int+4} (You found it on level 3 of the Depths)
 71223 | Depths:3 | ooooooh
 71257 | Depths:3 | Reached skill level 15 in Armour
 71339 | Depths:3 | Got a slimy steel ring
 71341 | Depths:3 | Identified the ring "Hikhalo" {rF+ MR+ SInv Stlth-} (You took it off a death knight on level 3 of the Depths)
 72719 | Depths:4 | Noticed a golden dragon
 72761 | Depths:4 | Killed a golden dragon
 73053 | Depths:4 | Noticed a golden dragon
 73252 | Depths:4 | Reached XP level 24. HP: 195/195 MP: 36/36
 73541 | Depths:4 | Found a one-way gate to the infinite horrors of the Abyss.
 73823 | Depths:4 | Found Hepner's Antique Weapon Shoppe.
 73970 | Depths:4 | Noticed a golden dragon
 74001 | Depths:4 | Killed a golden dragon
 74147 | Depths:4 | Noticed Jorgrun
 74202 | Depths:4 | Killed Jorgrun
 74799 | Depths:4 | Reached skill level 18 in Fighting
 75412 | Depths:4 | Noticed a caustic shrike
 75412 | Depths:4 | Noticed a caustic shrike
 75419 | Depths:4 | Killed a caustic shrike
 75424 | Depths:4 | Killed a caustic shrike
 75461 | Depths:4 | Noticed a caustic shrike
 75478 | Depths:4 | Killed a caustic shrike
 75811 | Depths:4 | Reached skill level 19 in Fighting
 75886 | Depths:4 | Noticed the Enchantress
 75920 | Depths:4 | Killed the Enchantress
 76112 | Depths:3 | Bought a scroll of enchant weapon for 172 gold pieces
 76264 | Depths:5 | Entered Level 5 of the Depths
 76712 | Depths:5 | Noticed a golden dragon
 76727 | Depths:5 | Killed a golden dragon
 76727 | Depths:5 | Reached XP level 25. HP: 210/210 MP: 36/36
 76810 | Depths:5 | Noticed a juggernaut
 76823 | Depths:5 | Killed a juggernaut
 76823 | Depths:5 | Reached skill level 20 in Fighting
 77312 | Depths:5 | Reached skill level 1 in Hexes
 77880 | Depths:5 | Found a gate to the Realm of Zot.
 78148 | Orc:2    | Bought an uncursed ring of poison resistance for 320 gold pieces
 78897 | Depths:5 | Found a gateway to a ziggurat.
 80403 | Vaults:2 | Found a staircase to the Crypt.
 80597 | Vaults:2 | Noticed Sojobo
 80612 | Vaults:2 | Killed Sojobo
 80847 | Vaults:2 | Reached skill level 10 in Evocations
 81036 | Vaults:2 | Reached XP level 26. HP: 220/220 MP: 36/36
 81554 | Vaults:2 | Noticed Boris
 81561 | Vaults:2 | Killed Boris
 81724 | Vaults:3 | Reached skill level 21 in Fighting
 83414 | Vaults:3 | Found Fim Ifea's Antique Weapon Emporium.
 85133 | Vaults:4 | Found Hifux's Antique Armour Boutique.
 85225 | Vaults:4 | Reached skill level 15 in Dodging
 86037 | Depths:4 | Voluntarily entered the Abyss.
 86229 | Abyss:3  | Reached XP level 27. HP: 215/229 MP: 36/36
 87261 | Abyss:4  | Found a corrupted altar of Lugonu.
 87983 | Depths:4 | Escaped the Abyss
 88167 | Depths:4 | Reached skill level 22 in Fighting
 88246 | Depths:5 | Voluntarily entered the Abyss.
 88303 | Depths:5 | Escaped the Abyss
 88304 | Depths:5 | man
 88447 | Depths:5 | Voluntarily entered the Abyss.
 88447 | Abyss:1  | Found a corrupted altar of Lugonu.
 90192 | Abyss:2  | Found a corrupted altar of Lugonu.
 90869 | Depths:5 | Escaped the Abyss
 90870 | Depths:5 | Upgraded the game from 0.19-a0-1008-g4c63d25 to 0.19-a0-1019-g9c6a58d
 90918 | Zig:1    | Entered Level 1 of a ziggurat
 90985 | Depths:5 | Voluntarily entered the Abyss.
 90985 | Abyss:1  | Found a corrupted altar of Lugonu.
 91046 | Abyss:1  | Killed Louise
 91093 | Abyss:1  | Found a corrupted altar of Lugonu.
 91476 | Depths:5 | Escaped the Abyss
 91589 | Depths:5 | Voluntarily entered the Abyss.
 91589 | Abyss:1  | Found a corrupted altar of Lugonu.
 91638 | Abyss:2  | Found a corrupted altar of Lugonu.
 91676 | Abyss:2  | Identified the Reference Book on Venomous Ignition
 91700 | Abyss:2  | Found an iron altar of Okawaru.
 92298 | Abyss:2  | Found a radiant altar of Vehumet.
 92402 | Abyss:2  | Found a sparkling altar of Nemelex Xobeh.
 92632 | Abyss:2  | Noticed an ancient lich
 92654 | Abyss:2  | Killed an ancient lich
 92752 | Depths:5 | Escaped the Abyss
 92938 | Depths:5 | Voluntarily entered the Abyss.
 92944 | Abyss:1  | Reached skill level 15 in Evocations
 92989 | Abyss:1  | Got a fine hunting sling
 92990 | Abyss:1  | Identified the +8 hunting sling of Defence {flame, +Fly} (You found it on level 1 of the Abyss)
 93497 | Abyss:1  | Reached skill level 23 in Fighting
 94117 | Abyss:2  | Found a corrupted altar of Lugonu.
 94437 | Abyss:2  | Got a fine golden ring
 94439 | Abyss:2  | Identified the ring of Mysticism {SustAt *Drain rPois rF+ Int+3} (You found it on level 2 of the Abyss)
 94874 | Abyss:3  | Found a corrupted altar of Lugonu.
 95062 | Abyss:5  | Entered Level 5 of the Abyss
 95069 | Abyss:5  | Found a corrupted altar of Lugonu.
 95571 | Depths:5 | Escaped the Abyss
 95998 | Slime:1  | Entered Level 1 of the Pits of Slime
 96313 | Slime:3  | Gained mutation: Scrolls take you a little longer to read. [a shining eye]
 96476 | Lair:5   | Lost mutation: Scrolls take you a little longer to read. [potion of cure mutation]
 96476 | Lair:5   | Lost mutation: You are somewhat resistant to further mutation. [potion of cure mutation]
 96538 | Slime:5  | Entered Level 5 of the Pits of Slime
 96543 | Slime:5  | Gained mutation: You are clumsy. (Dex -2) [a shining eye]
 96547 | Slime:5  | Lost mutation: You are clumsy. (Dex -2) [a shining eye]
 96550 | Slime:5  | Gained mutation: Your body sometimes deteriorates upon taking damage. [a shining eye]
 96570 | Slime:5  | Noticed the Royal Jelly
 96899 | Abyss:1  | Killed from afar by a wizard

Vault maps used:
D:1:      dpeg_arrival_rooms_a
D:2:      kennysheep_generic_room_12
D:3:      first_bread, nicolae_dithmenos_shadow_blocks
D:4:      demons_altar, grunt_ministairs_7, roderic_bipointed_swastika,
          minmay_misc_feat_alley, dk_yredelemnul_ordeal
D:5:      uniq_blork_the_orc
D:7:      the_bakery, lemuel_flame_loot_1, uniq_duvessa
D:8:      lair_0_dummy, uniq_grum, uniq_joseph
D:9:      nemelex_xobeh_ov_fountains_minmay
D:10:     minmay_lindwurm_lava
D:11:     minivault_11, uniq_urug, uniq_maurice
D:12:     david_orc_2, special_room
D:13:     david_vaults_4, serial_shops, shop
D:14:     roderic_three_in_a_row, jmf_multi_god_temple2, uniq_louise
D:15:     grunt_enter_depths_snipers, minmay_evil_grid
Lair:1:   st_stairs_6
Lair:2:   spider_nest_entry_funnel_web, minmay_guarded_unrand_chilly_death,
          serial_bayou_shore_a
Lair:3:   minmay_swamp_entry_swarm, nicolae_volcano_entry_s_turn,
          beast_lair_carwin_8
Lair:5:   slime_altar_1, lab_entry_generic, minivault_23
Lair:6:   due_jungle_book, basic_altar, uniq_nessos
Swamp:1:  evilmike_swamp_ruin_rubble_2, uniq_kirke, uniq_donald
Swamp:2:  portal_ice_cave_entry_pillars_three, serial_swamp_ruin,
          evilmike_swamp_ruin_house_3, evilmike_swamp_ruin_rubble_1,
          evilmike_swamp_ruin_house_6
Swamp:3:  evilmike_swamp_ruin_house_2
Swamp:4:  swamp_alternative, swamp_pool3, uniq_roxanne
Spider:1: nicolae_spider_webbed_stairs
Spider:2: nicolae_spider_mines_3, uniq_nikola
Spider:3: lemuel_spider_zombies, uniq_mara
Spider:4: spider_rune_water
Slime:2:  nicolae_slime_round_cave
Slime:4:  cheibrodos_slime_lost_civilization_7
Slime:5:  uniq_dissolution
Orc:1:    serial_shops, shop
Orc:2:    grunt_orc_gardens, grunt_orc_garden, grunt_orc_garden,
          grunt_orc_garden, grunt_orc_garden, basic_altar, minmay_orc_keep,
          uniq_rupert
Vaults:1: v_misc_33, nicolae_vaults_angled_halls,
          nicolae_vaults_fighting_squares, v_misc_10, vaults_mumra_minichess,
          vaults_dpeg_hooks, v_misc_12, dpeg_vaults_monster_box, v_misc_2,
          grunt_vaults_hallway_long, vaults_room_pool, serial_shops, shop
Vaults:2: nicolae_vaults_network_star, vaults_standard_mumra_x,
          nicolae_vaults_little_squares_3, v_misc_12,
          nicolae_vaults_little_squares_1, st_hourglassy, ontoclasm_vaults_chip,
          v_misc_13, grunt_vaults_funnel, nicolae_vaults_rhombus_6,
          nicolae_vaults_little_squares_3, nicolae_vaults_little_squares_6,
          dummy_crypt_entry, uniq_boris, uniq_sojobo
Vaults:3: nicolae_vaults_network_quinsquares, v_alt_pattern_1, v_misc_4,
          v_misc_33, nicolae_vaults_ring_of_whatevers, v_misc_9, v_misc_16,
          v_misc_10, nicolae_vaults_little_squares_6, ontoclasm_vaults_ligature,
          st_cells, vaults_room_fancy_cross, hangedman_vaults_capsules,
          v_alt_pattern_1, ontoclasm_vaults_twist, nicolae_vaults_specimen_jars,
          serial_shops, shop
Vaults:4: ontoclasm_vaults_ring_small, hangedman_vaults_maws,
          ontoclasm_vaults_claustrophobia, nicolae_vaults_inception_scallops,
          v_misc_16, v_misc_11, vaults_room_pool, v_rooms_4,
          vaults_room_large_hall, ontoclasm_vaults_chip, v_misc_2, serial_shops,
          shop
Depths:1: hell_entry, ashenzari_altar_1, minmay_misc_feat_four_crosses,
          hangedman_abyss_or_decor_jellyfish_corner,
          minmay_checkered_concentric_circles
Depths:2: grunt_x_marks_the_spot, pf_hell_entry_tar_spiral,
          infiniplex_staircase_river
Depths:3: hangedman_spin_cycle, hell_entry, pan_entry, uniq_aizul
Depths:4: gammafunk_depths_water_palace, hell_entry,
          hangedman_abyss_or_decor_stagger, abyss_entry_small_statue_room,
          serial_shops, nicolae_shop_overgrown_old_shop,
          statue_in_the_mist_lemuel, kennysheep_generic_room_3,
          infiniplex_staircase_pillars_3a, uniq_jorgrun
Depths:5: grunt_zot_entry_funnels, enter_ziggurat_e, abyss_entry, hell_entry,
          minmay_misc_feat_x, hangedman_decor_opposing, roderic_st_hans_cross,
          hex_large, serial_bayou_pond_d
Abyss:1:  minivault_4, evilmike_abyss_exit_11, evilmike_abyss_exit_12
Abyss:3:  onia_ninara_dug_in_and_dangerous, evilmike_abyss_exit_chaos,
          hangedman_abyss_or_decor_stabs, hangedman_illusive_loot,
          due_evilmike_abyss_rune_seething_liches, evilmike_abyss_exit_plants,
          hangedman_abyss_or_decor_clamps, evilmike_abyss_rune_tso_outpost
Abyss:4:  nicolae_abyss_rune_star_stuff,
          evilmike_nicolae_abyss_rune_containment_curve
Abyss:5:  evilmike_nicolae_abyss_rune_betentacled_crabyss
Lab:      lab_fountain
IceCv:    ice_cave_tombish
Volcano:  volcano_pools

Skill      XL: |  1  2  3  4  5  6  7  8  9 10 11 12 13 14 15 16 17 18 19 20 21 22 23 24 25 26 27 |
---------------+----------------------------------------------------------------------------------+-----
Maces & Flails | 3 |  3.1
Shields        | 1 2 5 7 8 9 11 13 15 16 | 16.1
Fighting       | 4 6 8 9 11 12 13 14 16 17 19 20 21 23 | 23.8
Armour         | 3 4 6 7 8 9 10 12 13 14 15 16 17 20 | 20.4
Short Blades   | 2 3 8 |  8.1
Invocations    | 9 12 14 15 18 | 18.0
Dodging        | 3 5 6 8 9 12 13 14 15 17 | 17.7
Throwing       | 3 5 |  5.0
Evocations     | 6 7 8 10 12 16 | 16.7
Staves         | 6 11 12 14 | 14.0
Summonings     | 3 9 10 | 10.0
Charms         | 3 8 10 | 10.7
Spellcasting   | 2 5 8 9 |  9.0
Air Magic      | 2 3 |  3.0
Necromancy     | 1 3 4 |  4.2
Translocations | 4 5 |  5.3
Hexes          | 4 |  4.0

Action                   |  1- 3 |  4- 6 |  7- 9 | 10-12 | 13-15 | 16-18 | 19-21 | 22-24 | 25-27 || total
-------------------------+-------+-------+-------+-------+-------+-------+-------+-------+-------++-------
Melee: Mace              |    30 |    41 |    78 |       |       |       |       |       |       ||   149
       Dagger            |    75 |    97 |   341 |   737 |   871 |    36 |       |       |       ||  2157
       Long sword        |       |       |    19 |    42 |       |       |       |       |       ||    61
       Halberd           |       |       |     7 |       |       |       |       |       |       ||     7
       War axe           |       |       |       |    57 |       |       |       |       |       ||    57
       Flail             |       |       |       |    27 |       |       |       |       |       ||    27
       Quick blade       |       |       |       |   243 |   279 |    29 |       |       |    60 ||   611
       Whip              |       |       |       |   107 |       |       |       |       |       ||   107
       Lajatang          |       |       |       |       |   162 |  2266 |  1692 |  1661 |  4575 || 10356
       Unarmed           |       |       |       |       |       |       |     6 |       |       ||     6
 Fire: Hand crossbow     |       |       |     3 |       |       |       |       |       |       ||     3
       Blowgun           |       |       |       |    31 |     1 |     7 |    54 |       |       ||    93
Throw: Stone             |     7 |     5 |     3 |    20 |    42 |       |       |       |       ||    77
       Tomahawk          |       |       |    36 |    22 |    17 |    95 |    64 |       |       ||   234
       Javelin           |       |       |       |    39 |     7 |       |    12 |    50 |    95 ||   203
 Cast: Repel Missiles    |       |       |       |       |       |       |     5 |     6 |    16 ||    27
       Summon Butterflie |       |       |       |       |       |       |     1 |     1 |    18 ||    20
       Regeneration      |       |       |       |       |       |       |     8 |   131 |   220 ||   359
       Shroud of Golubri |       |       |       |       |       |       |     2 |    30 |    27 ||    59
Invok: Depart the Abyss  |     1 |       |       |       |       |       |       |       |     4 ||     5
       Banish            |       |       |       |     7 |       |    10 |     5 |    16 |     2 ||    40
       Bend Space        |       |       |       |       |     1 |     1 |     3 |       |       ||     5
       Brand Weapon With |       |       |       |       |     1 |       |       |       |       ||     1
       Corrupt           |       |       |       |       |       |     1 |     3 |       |       ||     4
       Enter the Abyss   |       |       |       |       |       |       |       |       |     1 ||     1
 Abil: Dig               |       |       |     5 |    15 |    48 |    98 |    43 |    63 |    12 ||   284
       Evoke Flight      |       |       |       |       |       |       |       |    15 |       ||    15
Evoke: Wand              |       |       |       |     5 |     7 |       |     4 |       |     2 ||    18
       Rod               |       |       |       |       |       |       |     2 |       |     2 ||     4
       Sack of spiders   |       |       |       |       |       |       |       |     7 |     1 ||     8
       Box of beasts     |       |       |       |       |       |       |       |     5 |       ||     5
       Phantom mirror    |       |       |       |       |       |       |       |     2 |     1 ||     3
       Lamp of fire      |       |       |       |       |       |       |       |     1 |       ||     1
       Phial of floods   |       |       |       |       |       |       |       |     1 |       ||     1
  Use: Scroll            |     2 |     4 |     3 |     9 |    18 |    12 |     4 |     3 |     4 ||    59
       Potion            |       |     2 |     2 |     2 |     2 |     3 |     7 |    11 |     8 ||    37
 Stab: Distracted        |       |       |       |       |       |     1 |     1 |     3 |     3 ||     8
       Confused          |       |       |       |       |       |       |     1 |       |       ||     1
       Held in net/web   |       |       |       |       |       |       |       |     1 |       ||     1
       Petrifying        |       |       |       |       |       |       |       |       |     1 ||     1
  Eat: Chunk             |     5 |     6 |    17 |    30 |    35 |    22 |    26 |    52 |    36 ||   229
       Bread ration      |       |       |     1 |     2 |     1 |     3 |     3 |       |     2 ||    12
       Fruit             |       |       |     1 |     1 |     2 |     8 |     5 |       |       ||    17
       Beef jerky        |       |       |       |     1 |       |     4 |     1 |     1 |     5 ||    12
       Meat ration       |       |       |       |       |     1 |     4 |     2 |     1 |     6 ||    14
       Pizza             |       |       |       |       |       |     6 |     2 |       |     1 ||     9
       Royal jelly       |       |       |       |       |       |       |       |       |     1 ||     1
Armor: Leather armour    |     9 |       |       |       |       |       |       |       |       ||     9
       Chain mail        |    44 |    61 |   165 |    90 |       |       |       |       |       ||   360
       Plate armour      |       |       |       |   367 |   260 |   782 |   479 |   377 |   728 ||  2993
Dodge: Dodged            |    17 |    24 |    64 |   239 |   256 |   696 |   522 |   436 |   857 ||  3111
       Deflected         |       |       |       |       |       |       |     5 |    26 |    59 ||    90
Block: Shield            |    18 |    50 |   137 |   462 |   334 |   958 |   228 |       |       ||  2187
       Large shield      |       |       |       |       |       |       |   872 |  1115 |  2402 ||  4389
